AoeStats
← Long John Silver

Oasis

507123382Analyzed
4v4 RM · 16d ago on Sep 16, 2026· 26m 48s· 8 players
Game mode
Random Map
Map size
Large (8 player)
Population
200
Speed
Normal
Resources
Standard
Victory
Conquest
Starting age
Dark Age
Ending age
Imperial Age
RankedLock teamsTeams togetherTeam positionsShared explorationLock speedFull tech treeHidden civsTurbo modeCheats
Victory
Defeat
🇩🇪 Vietnamese · Germany
1439
+12
🇹🇼 Britons · Taiwan
1436
+12
🇯🇵 Khitans · Japan
1432
+12
🇹🇷 Ethiopians · Türkiye
1423
+14
🇨🇴 Berbers · Colombia
1388
-13
🇨🇿 Persians · Czechia
1364
-13
🇮🇹 Mapuche · Italy
1331
-12
🇮🇪 Slavs · Ireland
1330
-12
Bzm_JöNTüRK
4:13 Loom
9:44 Feudal Age
10:25 Double-Bit Axe
12:27 Fletching
22:37 Castle Age
22:57 Crossbowman
24:23 Bodkin Arrow
24:23 Crossbowman
店小贰
6:30 Loom
8:54 Feudal Age
9:37 Double-Bit Axe
10:18 Domestication
14:55 Forging
16:04 Scale Barding Armor
18:05 Wheelbarrow
20:59 Castle Age
20:11 Gold Mining
21:49 Husbandry
22:32 Bow Saw
Long John Silver
8:47 Feudal Age
9:20 Double-Bit Axe
9:16 Horse Collar
9:55 Horse Collar
16:27 Wheelbarrow
19:01 Castle Age
18:16 Gold Mining
18:33 Scale Barding Armor
18:38 Forging
18:39 Bloodlines
19:52 Husbandry
22:51 Chain Barding Armor
24:16 Iron Casting
藥膏
6:40 Loom
9:32 Feudal Age
10:11 Double-Bit Axe
15:07 Padded Archer Armor
15:03 Fletching
16:10 Padded Archer Armor
24:33 Gold Mining
24:24 Horse Collar
Wendysocute
5:03 Loom
12:46 Feudal Age
20:15 Fletching
23:12 Scale Mail Armor
23:23 Forging
26:29 Castle Age
Gotobann35
6:30 Loom
9:12 Feudal Age
9:42 Double-Bit Axe
9:48 Horse Collar
14:50 Scale Barding Armor
16:34 Forging
18:33 Bloodlines
20:43 Wheelbarrow
24:53 Castle Age
23:21 Gold Mining
26:08 Husbandry
T91Official
7:05 Loom
9:21 Feudal Age
10:04 Double-Bit Axe
15:09 Fletching
16:36 Padded Archer Armor
25:25 Castle Age
23:43 Horse Collar
Joseph90
4:50 Loom
6:34 Loom
10:07 Feudal Age
10:37 Double-Bit Axe
10:34 Horse Collar
16:26 Castle Age
23:25 Pikeman
25:35 Wheelbarrow
25:49 Scale Mail Armor
26:45 Scale Barding Armor
Connection lost

Rejoining the realm…

Still unreachable

The connection could not be restored.

Session expired

The server has moved on; the page needs a fresh start.